 Dungeon Crawl Stone Soup version 0.30-a0-368-g86fb4627a9 (webtiles) character file.

Game seed: 4144769068387100306

34 JOEMAMA2 the Ducker (level 3, -2/17 HPs)
             Began as a Felid Berserker on Nov 20, 2022.
             Was a Believer of Trog.
             Slain by an adder (3 damage)
             ... on level 2 of the Dungeon.
             The game lasted 00:02:12 (1086 turns).

JOEMAMA2 the Ducker (Felid Berserker)               Turns: 1086, Time: 00:02:13

Health: -2/17      AC:  1    Str: 13    XL:     3   Next: 14%
Magic:  4/4        EV: 19    Int:  8    God:    Trog [**....]
Gold:   16         SH:  0    Dex: 17    Spells: 2/2 levels left
                                        Lives:  0   Deaths: 0

rFire   . . .      SeeInvis +      - Unarmed
rCold   . . .      Faith    .    (shield unavailable)
rNeg    . . .      Spirit   .    (body armour unavailable)
rPois   .          Reflect  .    (helmet unavailable)
rElec   .          Harm     .    (cloak unavailable)
rCorr   .          Rampage  .    (gloves unavailable)
Will    .....                    (boots unavailable)
Stlth   ++........               (no amulet)
HPRegen 0.22/turn                (no ring)
MPRegen 0.09/turn                (no ring)

@: quick
A: very small, claws 1, fangs 3, see invisible, speed 1, shaggy fur 1, stealthy
paws, no weapons or thrown items, no armour, multi-lived
a: Renounce Religion, Berserk, Trog's Hand


You were on level 2 of the Dungeon.
You worshipped Trog.
Trog was pleased with you.
You visited 1 branch of the dungeon, and saw 2 of its levels.

You collected 16 gold pieces.

Inventory:

Jewellery
 a - a +6 ring of strength
 c - a ring of fire
 e - a +6 ring of strength
Scrolls
 b - a scroll of immolation {unknown}
 d - a scroll of torment {unknown}
 f - a scroll of identify {unknown}


   Skills:
 + Level 3.3 Fighting
 + Level 4.6 Dodging
 + Level 0.2 Stealth
 + Level 3.6 Unarmed Combat


You had 2 spell levels left.
You didn't know any spells.
Your spell library was empty.

Dungeon Overview and Level Annotations

Branches:
Dungeon (2/15)

Altars:


Innate Abilities, Weirdness & Mutations

You have sharp claws.
You have razor-sharp teeth.
You have supernaturally acute eyesight. (SInv)
You cover ground quickly. (Speed+)
You are covered in fur. (AC +1)
Your paws help you pounce on unaware monsters.
You are incapable of wielding weapons or throwing items.
You cannot wear armour.
You gain extra lives every three experience levels.


Message History

Trog accepts your kill.
A goblin comes into view. It is wielding a +0 dagger. x2
Things that are here:
a +0 dagger; a goblin corpse You scratch the goblin but do no damage.
The goblin barely misses you.
A goblin comes into view. It is wielding a +0 club.
You scratch the goblin but do no damage.
The goblin hits you with a +0 dagger.
A goblin comes into view. It is wielding a +0 dagger.
You barely miss the goblin. The goblin hits you with a +0 dagger.
A goblin comes into view. It is wielding a +0 club.
The goblin shouts!
You scratch the goblin.
The goblin is severely wounded.
The goblin hits you with a +0 dagger.
You claw the goblin!
You kill the goblin!
Trog accepts your kill. The goblin hits you with a +0 club.
You barely miss the adder. The adder misses you. The goblin closely misses you.
The adder bites you but does no damage.
A goblin comes into view. It is wielding a +0 dagger.
You scratch the adder but do no damage. The adder barely misses you.
You barely miss the adder. The goblin barely misses you. The adder misses you.
You miss the adder. The goblin hits you with a +0 club.
* * * LOW HITPOINT WARNING * * *
The adder closely misses you.
You scratch the adder but do no damage. Your claw misses the adder.
Your bite misses the adder. The adder closely misses you.
The goblin completely misses you.
You closely miss the adder. The adder bites you.
* * * LOW HITPOINT WARNING * * *
The goblin completely misses you. The adder misses you.
You scratch the adder. You bite the adder, but do no damage.
The adder is moderately wounded.
The goblin hits you with a +0 club.
* * * LOW HITPOINT WARNING * * *
The adder bites you.
You die...

####### ###......
##..†#####
########.....## ##
.............### ..
###..#.#..###....# #.
#....# #....#..#.#
####.g###..###..###.##..
.....gS@gg...........[..
.###g.###..###..###.####
#. #..#......#.# #
#..###..###.. |... ....
..#. ##..#.#..###....
...#.#... #.# ## #b.#
#..# #.# ....


You could see an adder and 5 goblins.

Vanquished Creatures
  4 endoplasms (D:1)
  A giant cockroach (D:1)
  4 hobgoblins
  4 jackals (D:2)
  2 quokkas
  5 ball pythons (D:1)
  A bat (D:1)
  2 goblins (D:2)
  3 kobolds (D:1)
  3 rats (D:1)
29 creatures vanquished.

Notes
Turn   | Place    | Note
-------+----------+-------------------------------------------
     0 | D:1      | JOEMAMA2 the Felid Berserker began the quest for the Orb.
     0 | D:1      | Reached XP level 1. HP: 10/10 MP: 2/2
   425 | D:1      | Reached XP level 2. HP: 14/14 MP: 3/3
   552 | D:1      | Found a faded altar of an unknown god.
  1007 | D:2      | Reached ** piety under Trog
  1012 | D:2      | Reached XP level 3. HP: 14/17 MP: 4/4
  1086 | D:2      | Slain by an adder

Illustrated notes

Levels and vault maps discovered:
D:1:      eino_arrival_water_cross, layout_loops_corners,
          hellmonk_ecumenical_altar_inner_sanctum
D:2:      layout_loops_corners, minmay_misc_feat_nine_boxes,
          uniq_crazy_yiuf_cottage, uniq_robin

Action                   || total
-------------------------++-------
Melee: Unarmed           ||    73
       Punch             ||     2
       Bite              ||     4
  Use: Scroll            ||     1
 Stab: Sleeping          ||     1
Armor: Skin              ||     7
Dodge: Dodged            ||    50

Table legend: (Time is in decaauts)
 A = Elapsed time spent in this place.
 B = Non-inter-level travel time spent in this place.
 C = Inter-level travel time spent in this place.
 D = Time resting spent in this place.
 E = Time spent auto-exploring this place.
 F = Levels seen in this place.
 G = Mean time per level.
                   A        B        C        D        E       F      G
               +--------+--------+--------+--------+--------+-----+--------+
         Total |    905 |    877 |     28 |      0 |    664 |   2 |  452.5 |
       Dungeon |    905 |    877 |     28 |      0 |    664 |   2 |  452.5 |
               +--------+--------+--------+--------+--------+-----+--------+

Top non-repeatable levels by time:
     D:1: 773 daAuts
     D:2: 132 daAuts
